 Dungeon Crawl Stone Soup version 0.29-a0-824-gd827844252 (webtiles) character file.

Game seed: 13607513961468243733

428 Sabo the Shield-Bearer (level 7, -3/55 HPs)
             Began as a Formicid Fighter on July 10, 2022.
             Was a Follower of Ashenzari.
             Slain by Menkaure (17 damage)
             ... on level 4 of the Dungeon.
             The game lasted 00:17:52 (3623 turns).

Sabo the Shield-Bearer (Formicid Fighter)           Turns: 3623, Time: 00:17:53

Health: -3/55      AC: 12    Str: 22    XL:     7   Next: 18%
Magic:  7/7        EV: 10    Int:  8    God:    Ashenzari [*.....]
Gold:   187        SH:  5    Dex: 13    Spells: 6/6 levels left

rFire   . . .      SeeInvis +   a - +0 war axe
rCold   . . .      Faith    .   c - +0 buckler
rNeg    + . .      Spirit   .   h - +3 ring mail "Omen of Ashenzari" {rN+, Bglg, Evo} (curse)
rPois   .          Reflect  .   (helmet unavailable)
rElec   .          Harm     .   (no cloak)
rCorr   .          Rampage  .   b - +0 pair of gloves
Will    .....                   o - +1 pair of boots of Ashenzari's Planets {Fort, Range} (curse)
Stlth   +.........              (no amulet)
HPRegen 0.18/turn               (no ring)
MPRegen 0.10/turn               (no ring)

@: mighty
A: permanent stasis, dig shafts and tunnels, antennae 3, four strong arms
a: Dig, Shaft Self, Renounce Religion, Shatter the Chains


You were on level 4 of the Dungeon.
You worshipped Ashenzari.
Ashenzari was aware of your devotion.
You visited 1 branch of the dungeon, and saw 4 of its levels.

You collected 187 gold pieces.

Inventory:

Hand Weapons
 a - a +0 war axe (weapon)
 k - a +1 short sword of venom
 q - a +0 shortbow
Missiles
 l - 4 throwing nets
 n - 19 poisoned darts (quivered)
Armour
 b - a +0 pair of gloves (worn)
 c - a +0 buckler (worn)
 h - the cursed +3 ring mail "Omen of Ashenzari" (worn) {rN+, Bglg, Evo}
   (You found it on level 1 of the Dungeon)

   It has a curse which improves the following skills: Beguiling: Conjurations,
   Hexes and Translocations.
   Evocations: Evocations.
 o - the cursed +1 pair of boots of Ashenzari's Planets (worn) {Fort, Range}
   (You found it on level 2 of the Dungeon)

   It has a curse which improves the following skills: Fortitude: Armour and
   Shields.
   Ranged Combat: Ranged Weapons and Throwing.
Potions
 d - a potion of might
 e - a potion of magic
 f - 3 potions of flight
 g - 3 potions of curing
 j - a potion of heal wounds


   Skills:
 + Level 4.6 Fighting
 + Level 5.0 Axes
 + Level 0.3(0.6) Throwing
 + Level 4.4(5.2) Armour
 + Level 1.1 Dodging
 + Level 0.9 Stealth
 + Level 5.0(5.9) Shields


You had 6 spell levels left.
You didn't know any spells.
Your spell library contained the following spells:

 Spells                   Type           Power      Damage    Failure   Level
 Call Canine Familiar     Summ           0%         N/A       94%         3
 Inner Flame              Hex/Fire       0%         N/A       94%         3
 Portal Projectile        Hex/Tloc       0%         N/A       94%         3
 Cause Fear               Hex            0%         N/A       100%        4
 Leda's Liquefaction      Hex/Erth       0%         N/A       100%        4
 Discord                  Hex            0%         N/A       100%        8


Dungeon Overview and Level Annotations

Branches:
Dungeon (4/15)             Temple (0/1) D:4

Altars:
Ashenzari
Kikubaaqudgha
Sif Muna

Annotations:
D:4 Menkaure


Innate Abilities, Weirdness & Mutations

You cannot be hasted, slowed, berserked, paralysed or teleported.
You can dig through walls and to a lower floor.
You have a pair of large antennae on your head. (SInv)
Your four strong arms can wield two-handed weapons with a shield.


Message History

You block the bullfrog's attack.
You slash the bullfrog!
You kill the bullfrog!
Your Axes skill increases to level 5!
You see here a bullfrog corpse.
You start resting.
HP restored.
You start waiting.
Done waiting.
Found 6 poisoned darts.
n - 19 poisoned darts (gained 6)
You open the door.
There is an open door here.
You open the door.
There is an open door here.
Menkaure, Prince of Dust comes into view.
Menkaure shouts!
Menkaure casts a spell at you. Pain shoots through your body!
Menkaure hits you!
You hit Menkaure but do no damage. You block Menkaure's attack.
You barely miss Menkaure. Menkaure hits you but does no damage.
You hit Menkaure.
Menkaure is lightly damaged.
Menkaure gestures wildly while chanting.
Menkaure seems to speed up.
You hit Menkaure.
Menkaure is lightly damaged.
Menkaure gestures at you while chanting.
Pain shoots through your body!
Menkaure calls on the powers of darkness!
Your body is wracked with pain!
You feel very mighty all of a sudden.
Menkaure points at you and mumbles some strange words.
Pain shoots through your body!
* * * LOW HITPOINT WARNING * * *
You slash Menkaure!
Menkaure is heavily damaged.
Menkaure hits you!
You die...

#.# #.#
#.# #.#
#.# #.#
#M# #....
#@# .....
#.# .....
#.# ...
..# #.#
####.. ..
#.# #...#
#'# #. #.#
#...# #.#
#.
#.####..?#
#.# #.
#.<##....#
#.# #.
#..##....#
#.####.


You could see Menkaure (fast).

Vanquished Creatures
  A bullfrog (D:4)
  2 scorpions (D:4)
  A necrophage (D:4)
  A jelly (D:4)
  An orc wizard (D:3)
  Robin (D:3)
  4 gnolls (D:3)
  2 adders (D:2)
  2 dart slugs (D:3)
  8 orcs
  2 bats (D:2)
  2 endoplasms
  4 giant cockroaches
  10 goblins
  8 hobgoblins
  3 jackals (D:1)
  5 kobolds
  3 quokkas
  5 ball pythons
  4 frilled lizards
  4 rats
73 creatures vanquished.

Notes
Turn   | Place    | Note
-------+----------+-------------------------------------------
     0 | D:1      | Sabo the Formicid Fighter began the quest for the Orb.
     0 | D:1      | Reached XP level 1. HP: 18/18 MP: 1/1
   105 | D:1      | Reached XP level 2. HP: 2/24 MP: 2/2
   505 | D:1      | Noticed a golden eye
   524 | D:1      | Found a faded altar of an unknown god.
   552 | D:1      | Noticed an eye of devastation
   556 | D:1      | Noticed a shining eye
   557 | D:1      | Noticed an eye of devastation
   564 | D:1      | Prayed at the altar of an unknown god.
   564 | D:1      | Became a worshipper of Ashenzari the Shackled
  1073 | D:2      | Reached XP level 3. HP: 30/30 MP: 3/3
  1557 | D:2      | Reached XP level 4. HP: 34/37 MP: 4/4
  1796 | D:3      | Reached XP level 5. HP: 28/42 MP: 5/5
  2192 | D:3      | Noticed Robin
  2211 | D:3      | Killed Robin
  2341 | D:3      | Found an ancient bone altar of Kikubaaqudgha.
  2430 | D:3      | Found a shimmering blue altar of Sif Muna.
  2818 | D:3      | Identified the cursed +3 ring mail "Omen of Ashenzari"
                  | {rN+, Bglg, Evo} (You found it on level 1 of the Dungeon)
  2846 | D:4      | Reached * piety under Ashenzari
  2864 | D:4      | Reached XP level 6. HP: 41/49 MP: 6/6
  3143 | D:4      | Found a staircase to the Ecumenical Temple.
  3234 | D:4      | Reached skill level 5 in Shields
  3276 | D:4      | Reached skill level 1 in Dodging
  3276 | D:4      | Reached XP level 7. HP: 55/55 MP: 7/7
  3328 | D:4      | Reached skill level 5 in Axes
  3613 | D:4      | Noticed Menkaure
  3623 | D:4      | Slain by Menkaure

Illustrated notes

Levels and vault maps discovered:
D:1:      evilmike_arrival_crescent, layout_rooms,
          hellmonk_ecumenical_altar_watching_god, serial_aquarium,
          aquarium_bridge_square [aquarium_subvault_bridge,
          aquarium_subvault_wall, aquarium_subvault_wall,
          aquarium_subvault_balcony], aquarium_bridge_straight
          [aquarium_subvault_bridge, aquarium_subvault_wall,
          aquarium_subvault_bridge, aquarium_subvault_wall],
          aquarium_window_fake, aquarium_window_corner, aquarium_view_2e,
          aquarium_view_4, aquarium_balcony_5a
D:2:      layout_rooms
D:3:      layout_loops_ring, mainiacjoe_overflow_tiny_flanked,
          kiku_gazebo_pond_becter, uniq_robin
D:4:      minmay_general_purpose_star, layout_basic, minmay_temple_entry_fiery,
          lemuel_flame_loot_1, uniq_menkaure, uniq_sigmund

Skill      XL: |  1  2  3  4  5  6  7 |
---------------+----------------------+-----
Axes           | 3 4 5 |  5.0
Fighting       | 4 |  4.6
Armour         | 4 |  4.4
Shields        | 5 |  5.0
Dodging        | 1 |  1.1
Throwing       | |  0.3
Stealth        | |  0.9

Action                   |  1- 3 |  4- 6 |  7- 9 || total
-------------------------+-------+-------+-------++-------
Melee: War axe           |    67 |   112 |    17 ||   196
Throw: Dart              |       |     6 |       ||     6
Invok: Curse Item        |     1 |     1 |       ||     2
  Use: Scroll            |     2 |     2 |       ||     4
       Potion            |     1 |     2 |     1 ||     4
Armor: Scale mail        |     9 |       |       ||     9
       Ring mail         |    21 |    44 |     7 ||    72
Dodge: Dodged            |    42 |    51 |     4 ||    97
Block: Buckler           |    17 |    24 |     7 ||    48

Table legend: (Time is in decaauts)
 A = Elapsed time spent in this place.
 B = Non-inter-level travel time spent in this place.
 C = Inter-level travel time spent in this place.
 D = Time resting spent in this place.
 E = Time spent auto-exploring this place.
 F = Levels seen in this place.
 G = Mean time per level.
                   A        B        C        D        E       F      G
               +--------+--------+--------+--------+--------+-----+--------+
         Total |   3692 |   3692 |      0 |   1034 |      0 |   4 |  923.0 |
       Dungeon |   3692 |   3692 |      0 |   1034 |      0 |   4 |  923.0 |
               +--------+--------+--------+--------+--------+-----+--------+

Top non-repeatable levels by time:
     D:3: 1151 daAuts
     D:1: 1005 daAuts
     D:4: 812 daAuts
     D:2: 722 daAuts
